 Dungeon Crawl Stone Soup version 0.29-a0-872-g797fff5ad1 (webtiles) character file.

Game seed: 1610221374266511357

16 raph the Stinger (level 2, 0/19 HPs)
             Began as a Merfolk Venom Mage on July 18, 2022.
             Slain by a quokka (4 damage)
             ... on level 1 of the Dungeon.
             The game lasted 00:01:15 (690 turns).

raph the Stinger (Merfolk Venom Mage)                Turns: 690, Time: 00:01:16

Health: 0/19       AC:  2    Str:  8    XL:     2   Next: 54%
Magic:  0/5        EV: 13    Int: 14    God:
Gold:   21         SH:  0    Dex: 14    Spells: 4/5 levels left

rFire   . . .      SeeInvis .   d - +0 dagger
rCold   . . .      Faith    .   (no shield)
rNeg    . . .      Spirit   .   a - +0 robe
rPois   .          Reflect  .   (no helmet)
rElec   .          Harm     .   (no cloak)
rCorr   .          Rampage  .   (no gloves)
Will    .....                   (no boots)
Stlth   ++........              (no amulet)
HPRegen 0.06/turn               (no ring)
MPRegen 0.09/turn               (no ring)

@: no status effects
A: (nimble swimmer 2), mertail
a: no special abilities


You were on level 1 of the Dungeon.
You visited 1 branch of the dungeon, and saw 1 of its levels.

You collected 21 gold pieces.

Inventory:

Hand Weapons
 d - a +0 dagger (weapon)
Armour
 a - a +0 robe (worn)
Scrolls
 c - 2 scrolls of identify {unknown}
 e - a scroll of teleportation {unknown}
Potions
 b - a potion of magic


   Skills:
 + Level 3.0 Dodging
 + Level 2.5 Stealth
 + Level 2.1 Spellcasting
 - Level 1.8 Transmutations
 * Level 3.5 Poison Magic


You had 4 spell levels left.
You knew the following spells:

 Your Spells              Type           Power      Damage    Failure   Level
a - Sting                 Tmut/Pois      36%        1d4       8%          1

Your spell library contained the following spells:

 Spells                   Type           Power      Damage    Failure   Level
 Poisonous Vapours        Pois/Air       12%        N/A       17%         2
 Mephitic Cloud           Conj/Pois/Air  4%         N/A       41%         3
 Olgreb's Toxic Radiance  Pois           11%        N/A       47%         4


Dungeon Overview and Level Annotations

Branches:
Dungeon (1/15)

Altars:

Shops:
D:1 *


Innate Abilities, Weirdness & Mutations

((You are very nimble when in or above water. (Stealth+, EV+, Speed+++)))
Your lower body shifts to a powerful aquatic tail in water.


Message History

The quokka misses you.
The kobold throws a stone.
The stone misses you.
Things that are here:
a +0 dagger; a goblin corpse The quokka twitches its whiskers.
Aiming: Sting (safe; 8% risk of failure)
Press: ? - help, Q - select action Shift-Dir - straight line, f - quokka
Aim: a quokka (56% to hit)
The sting misses the quokka.
The quokka bites you.
Aiming: Sting (safe; 8% risk of failure)
Press: ? - help, Q - select action Shift-Dir - straight line, f/p - quokka
Aim: a quokka (56% to hit)
The sting misses the quokka.
The sting hits the kobold.
The kobold is poisoned.
You kill the kobold!
The quokka twitches its whiskers.
The quokka bites you.
The quokka twitches its whiskers.
The quokka completely misses you. The quokka attacks as you move away!
The quokka completely misses you.
You don't have enough magic to cast this spell.
The quokka attacks as you move away! The quokka misses you.
The quokka attacks as you move away! The quokka misses you.
The quokka attacks as you move away! The quokka closely misses you.
The quokka barely misses you.
Aiming: Sting (safe; 8% risk of failure)
Press: ? - help, Q - select action Shift-Dir - straight line, f/p - quokka
Aim: a quokka (56% to hit)
The sting hits the quokka but does no damage.
The quokka is poisoned.
The quokka barely misses you. The quokka bites you.
There is a stone staircase leading down here.
The quokka attacks as you move away! The quokka barely misses you.
The quokka looks more healthy.
The quokka attacks as you move away! The quokka closely misses you.
The quokka bites you.
* * * LOW HITPOINT WARNING * * *
The quokka attacks as you move away! The quokka bites you.
You die...

####+#########.#.#
#.#...)).†. ##PP#.#PP##
#.#.# #.####..)..
##P..#.#≈≈P## #...###.#
#..).. ##PPP.#.#≈≈≈P##
##......# #.....
#PPP..#.#≈≈≈≈P#
#..>.#### #.....
#PP...#.#≈≈≈≈P# #.#..#
#.....
#######.#########.#..#
######
+......<......'.#r#####
#######.#######.@.....#
#P≈≈≈≈#.#..PPP#######.##
#P≈≈≈≈#.#..PPP#........#
##P≈≈≈#.#PPPP##........#
##P≈≈#.#.PP##.........#
##PP#.#PP###.........#
####'####...........#
#.# #.#.#.####### #.#
#.#.#.#


You could see a quokka.

Vanquished Creatures
  4 goblins (D:1)
  3 hobgoblins (D:1)
  A quokka (D:1)
  3 bats (D:1)
  A frilled lizard (D:1)
  2 kobolds (D:1)
14 creatures vanquished.

Notes
Turn   | Place    | Note
-------+----------+-------------------------------------------
     0 | D:1      | raph the Merfolk Venom Mage began the quest for the Orb.
     0 | D:1      | Reached XP level 1. HP: 13/13 MP: 3/3
   211 | D:1      | Found a faded altar of an unknown god.
   239 | D:1      | Reached XP level 2. HP: 9/19 MP: 0/5
   639 | D:1      | Found Fycuut's Assorted Antiques.
   690 | D:1      | Slain by a quokka

Illustrated notes

Levels and vault maps discovered:
D:1:      psy_arrival_terrarium, layout_basic,
          ebering_ecumenical_altar_petrified, serial_shops,
          nicolae_shop_behind_doors

Skill      XL: |  1  2 |
---------------+-------+-----
Dodging        | 3 |  3.0
Stealth        | |  2.5
Spellcasting   | |  2.1
Transmutations | |  1.8
Poison Magic   | |  3.5

Action                   || total
-------------------------++-------
Melee: Unarmed           ||     5
       Punch             ||     1
       Dagger            ||     1
 Cast: Sting             ||    23
Armor: Robe              ||     6
Dodge: Dodged            ||    52

Table legend: (Time is in decaauts)
 A = Elapsed time spent in this place.
 B = Non-inter-level travel time spent in this place.
 C = Inter-level travel time spent in this place.
 D = Time resting spent in this place.
 E = Time spent auto-exploring this place.
 F = Levels seen in this place.
 G = Mean time per level.
                   A        B        C        D        E       F      G
               +--------+--------+--------+--------+--------+-----+--------+
         Total |    689 |    689 |      0 |    285 |    242 |   1 |  689.0 |
       Dungeon |    689 |    689 |      0 |    285 |    242 |   1 |  689.0 |
               +--------+--------+--------+--------+--------+-----+--------+

Top non-repeatable levels by time:
     D:1: 689 daAuts
